[Event "82nd Brazilian-ch 2015"]
[Site "Rio de Janeiro"]
[Date "2016.01.09"]
[Round "1"]
[White "Choma, Ernani Francisco"]
[Black "Santiago, Yago De Moura"]
[Result "1-0"]
[ECO "A04"]
[WhiteElo "2383"]
[BlackElo "2422"]
[PlyCount "69"]
[EventDate "2016.??.??"]
[EventCountry "BRA"]
[TimeControl "5400+30"]

1. Nf3 g6 2. d4 Bg7 3. c4 Nf6 4. b4 O-O 5. Bb2 d5 6. e3 b6 7. Nc3 c5 8. dxc5
bxc5 9. Nxd5 Nxd5 10. Bxg7 Nxe3 11. fxe3 Kxg7 12. Qxd8 Rxd8 13. b5 Nd7 14. a4
a5 15. Nd2 Nb6 16. Be2 Be6 17. Rf1 f5 18. Rf2 Bg8 19. Bf1 e5 20. g3 e4 21. h3
Be6 22. Be2 h5 23. h4 Kh6 24. Rh2 Rd6 25. Bf1 Nd7 26. Nb3 Ne5 27. Rc2 Rad8 28.
Nxa5 Ng4 29. Nb7 Nxe3 30. Rcc1 Nxf1 31. Kxf1 f4 32. Nxd6 Bh3+ 33. Ke1 Rxd6 34.
gxf4 e3 35. Ke2 1-0

[Event "82nd Brazilian-ch 2015"]
[Site "Rio de Janeiro"]
[Date "2016.01.09"]
[Round "1"]
[White "Leitao, Rafael Duailibe"]
[Black "Teixeira, Ricardo da Silva"]
[Result "1-0"]
[ECO "A91"]
[WhiteElo "2633"]
[BlackElo "2234"]
[PlyCount "71"]
[EventDate "2016.??.??"]
[EventCountry "BRA"]
[TimeControl "5400+30"]

1. d4 e6 2. c4 f5 3. g3 Nf6 4. Bg2 Be7 5. Nc3 O-O 6. Nf3 d6 7. O-O a5 8. Re1 Ne4 9. Qc2 d5 10. Ne5 c6 11. Nxe4 fxe4 12. f3 Nd7 13. Nxd7 Bxd7 14. fxe4 dxc4 15. Qxc4 b5 16. Qd3 c5 17. Bf4 c4 18. Qe3 Qb6 19. h4 Rac8 20. Rac1 b4 21. h5 a4 22. h6 g6 23. Be5 b3 24. a3 Bxa3 25.
bxa3 b2 26. Rc3 b1=Q 27. Rxb1 Qxb1+ 28. Kh2 Qe1 29. Bf3 Rf7 30. Kg2 Qb1 31. Bd6 Qb2 32. g4 Be8 33. g5 Rb7 34. Bg4 Bd7 35.
Qf2 e5 36. Rf3 1-0

[Event "82nd Brazilian-ch 2015"]
[Site "Rio de Janeiro"]
[Date "2016.01.09"]
[Round "1"]
[White "Mekhitarian, Krikor Sevag"]
[Black "Barbosa, Evandro Amorim"]
[Result "1/2-1/2"]
[ECO "C11"]
[WhiteElo "2555"]
[BlackElo "2461"]
[PlyCount "81"]
[EventDate "2016.??.??"]
[EventCountry "BRA"]
[TimeControl "5400+30"]

1. e4 e6 2. d4 d5 3. Nc3 Nf6 4. e5 Nfd7 5. f4 c5 6. Nf3 Nc6 7. Be3 Be7 8. Qd2 a6 9. dxc5 Nxc5 10. O-O-O Qa5 11. Kb1 b5 12. Ne2 b4 13. Ned4 Ne4 14. Qe1 Nxd4 15. Nxd4 Bd7 16. Bd3 O-O 17. Bxe4 dxe4 18. Nf5 exf5 19. Rxd7 Rfe8 20. Qe2 Rad8 21. Rhd1 Qa4 22. Qd2 Kf8 23. Bb6 Rxd7 24. Qxd7 Qxd7 25. Rxd7 Rb8 26. Ba7 Rd8 27. Rxd8+ Bxd8 28. Kc1 Ke8 29. Kd2 Kd7 30. c4 bxc3+ 31. Kxc3 Kc6 32. b4 Bb6 33. Bxb6 Kxb6 34. a4 Kc6 35. Kd4 g6 36. h3 h5 37. g3 Kb6 38. Kc4 Kc6 39. Kd4 Kb6 40. Kc4 Kc6 41. Kd4 {Kd5+} 1/2-1/2

[Event "82nd Brazilian-ch 2015"]
[Site "Rio de Janeiro"]
[Date "2016.01.10"]
[Round "2"]
[White "Barbosa, Evandro Amorim"]
[Black "Leitao, Rafael Duailibe"]
[Result "1/2-1/2"]
[ECO "B90"]
[WhiteElo "2461"]
[BlackElo "2633"]
[PlyCount "41"]
[EventDate "2016.??.??"]
[EventCountry "BRA"]
[TimeControl "5400+30"]

1. e4 c5 2. Nf3 d6 3. d4 cxd4 4. Nxd4 Nf6 5. Nc3 a6 6. a4 e5 7. Nf3 Be7 8. Bc4 Be6 9. Qe2 Nc6 10. O-O Rc8 11. Bb3 Na5 12. Ba2 O-O 13.
Rd1 Qc7 14. Bg5 Nc4 15. Bxf6 Bxf6 16. Nd5 Bxd5 17. Rxd5 Nb6 18. Rd2 Nc4 19. Rd5 Nb6 20. Rd2 Nc4 21. Rd5
1/2-1/2

[Event "82nd Brazilian-ch 2015"]
[Site "Rio de Janeiro"]
[Date "2016.01.10"]
[Round "2"]
[White "Brito, Luismar"]
[Black "Choma, Ernani Francisco"]
[Result "0-1"]
[ECO "B33"]
[WhiteElo "2235"]
[BlackElo "2383"]
[PlyCount "60"]
[EventDate "2016.??.??"]
[EventCountry "BRA"]
[TimeControl "5400+30"]

1. e4 c5 2. Nf3 Nc6 3. d4 cxd4 4. Nxd4 Nf6 5. Nc3 e5 6. Ndb5 d6 7. Bg5 a6 8.
Bxf6 gxf6 9. Na3 b5 10. Nd5 f5 11. c3 Bg7 12. exf5 Bxf5 13. Nc2 O-O 14. Nce3
Be6 15. g4 b4 16. Bg2 bxc3 17. bxc3 Rc8 18. Be4 Ne7 19. c4 Kh8 20. h4 f5 21.
gxf5 Bxf5 22. Nxf5 Nxf5 23. Qd3 Nd4 24. Rh3 Rb8 25. Qd2 Rf7 26. h5 Bf6 27. Rg3
Bh4 28. Rg2 Bxf2+ 29. Kd1 Qh4 30. Qg5 Qxe4 0-1

[Event "82nd Brazilian-ch 2015"]
[Site "Rio de Janeiro"]
[Date "2016.01.10"]
[Round "2"]
[White "Limp, Eduardo Thelio"]
[Black "Macedo, Maximo Iack"]
[Result "1-0"]
[ECO "A48"]
[WhiteElo "2385"]
[BlackElo "2316"]
[PlyCount "103"]
[EventDate "2016.??.??"]
[EventCountry "BRA"]
[TimeControl "5400+30"]

1. Nf3 Nf6 2. d4 g6 3. c3 Bg7 4. Qc2 d5 5. Bf4 O-O 6. Nbd2 b6 7. e3 c5 8. h3
Bb7 9. Be2 Nc6 10. Ne5 Nd7 11. Nxc6 Bxc6 12. Nf3 Re8 13. O-O e6 14. Rad1 Qe7
15. Ne5 Nxe5 16. Bxe5 b5 17. Bxg7 Kxg7 18. f4 a5 19. dxc5 Qxc5 20. Qd2 b4 21.
Rc1 Qb6 22. Qd4+ Qxd4 23. cxd4 Rec8 24. Rc5 Bd7 25. Rfc1 Rxc5 26. dxc5 Bc6 27.
Kf2 h6 28. h4 h5 29. g4 hxg4 30. Bxg4 Rh8 31. Kg3 Kf6 32. Bf3 Ke7 33. Kg4 Rc8
34. Kg5 Rh8 35. Rh1 Rc8 36. Rc1 Rh8 37. Rc2 Rb8 38. b3 Rc8 39. Be2 Ra8 40. a4
bxa3 41. Ra2 a4 42. Rxa3 axb3 43. Rxb3 Ra5 44. Rc3 Ra2 45. Bf3 Rf2 46. Bd1 Rg2+
47. Kh6 Kf6 48. h5 Rh2 49. Bg4 gxh5 50. Bxh5 Rh3 51. Ra3 Kf5 52. e4+ 1-0

[Event "82nd Brazilian-ch 2015"]
[Site "Rio de Janeiro"]
[Date "2016.01.10"]
[Round "2"]
[White "Reis, Renan do Carmo"]
[Black "Santiago, Yago De Moura"]
[Result "1-0"]
[ECO "C00"]
[WhiteElo "2254"]
[BlackElo "2422"]
[PlyCount "65"]
[EventDate "2016.??.??"]
[EventCountry "BRA"]
[TimeControl "5400+30"]

1. e4 e6 2. d3 d5 3. Nd2 Nf6 4. Ngf3 c5 5. g3 g6 6. Bg2 Bg7 7. exd5 Nxd5 8.
h4 h6 9. O-O Nc6 10. Nb3 b6 11. d4 Ba6 12. Re1 c4 13. Nbd2 Rc8 14. c3 O-O 15. Qa4 Na5 16. Ne5 Re8 17. Ndf3 b5 18. Qc2 Ne7 19. h5 gxh5 20. Bxh6 Nf5 21. Bxg7 Kxg7 22. Bh3 Nh6 23. Re4 Nc6 24. Nxc6 Rxc6 25. Rh4 Bb7 26. Rxh5 Rc8 27. Bg2 Bd5 28. Ne5 Bxg2 29. Rxh6 Kxh6 30. Nxf7+ Kg7 31. Nxd8 Bd5 32. Re1 Rcxd8 33.
Re5 1-0

[Event "82nd Brazilian-ch 2015"]
[Site "Rio de Janeiro"]
[Date "2016.01.10"]
[Round "2"]
[White "Santos, Marcus Vinicius M"]
[Black "Mekhitarian, Krikor Sevag"]
[Result "1/2-1/2"]
[ECO "E46"]
[WhiteElo "2367"]
[BlackElo "2555"]
[PlyCount "77"]
[EventDate "2016.??.??"]
[EventCountry "BRA"]
[TimeControl "5400+30"]

1. d4 Nf6 2. c4 e6 3. Nc3 Bb4 4. e3 O-O 5. Nge2 Re8 6. a3 Bf8 7. Ng3 d5 8. Be2 b6 9. O-O Bb7 10. b4 Nbd7 11. Bb2 dxc4 12. Bxc4 c5 13. dxc5 bxc5 14. bxc5 Nxc5 15. Qe2 Qa5 16. Nb5 Be7 17. Be5 Ncd7 18. Bc7 Qa4 19. Nd4 Nc5 20. Bb5 Ba6 21. Bxa4 Bxe2 22. Bxe8 Bxf1 23. Bxf7+ Kxf7 24. Nxf1 Nd5 25. Bg3 Bf6 26. Rc1 Bxd4 27. exd4 Nb3 28. Rc4 Rd8 29. Be5 Rd7 30. Ne3 Nb6 31. Rb4 Na5 32. Rb5 Nc6 33. Nc2 Nc4 34. f4 N4xe5 35. fxe5 Nxd4 36. Nxd4 Rxd4 37. Ra5 Rd5 38. Rxa7+ Kg6 39. a4 1/2-1/2

[Event "82nd Brazilian-ch 2015"]
[Site "Rio de Janeiro"]
[Date "2016.01.10"]
[Round "2"]
[White "Teixeira, Ricardo da Silva"]
[Black "Souza, Rafael Cabral de"]
[Result "0-1"]
[ECO "A46"]
[WhiteElo "2234"]
[BlackElo "2159"]
[PlyCount "136"]
[EventDate "2016.??.??"]
[EventCountry "BRA"]
[TimeControl "5400+30"]

1. d4 Nf6 2. Nf3 e6 3. g3 b6 4. Bg2 Bb7 5. O-O Be7 6. c4 c5 7. Nc3 cxd4 8. Qxd4
d6 9. Rd1 a6 10. Bg5 Nbd7 11. Qd2 Qc7 12. Bf4 e5 13. Bg5 h6 14. Bxf6 Nxf6 15.
Rac1 O-O 16. Nh4 Bxg2 17. Nxg2 Qxc4 18. Ne3 Qe6 19. Ncd5 Nxd5 20. Nxd5 Bg5 21.
e3 Bd8 22. Rc6 b5 23. Qb4 Be7 24. Nxe7+ Qxe7 25. Qxd6 Qg5 26. h4 Qg4 27. Rd2
Qa4 28. a3 Qa5 29. Rd5 Rae8 30. Rxe5 Qe1+ 31. Kg2 Rd8 32. Qc5 Qb1 33. Qc1 Qxc1
34. Rxc1 Rd2 35. b4 Rd3 36. Ra1 Rb3 37. Rd5 Ra8 38. Rd7 h5 39. Ra2 g6 40. Kf3
Kg7 41. Ke2 Kf6 42. Rd3 Rb1 43. Rc2 a5 44. bxa5 Rxa5 45. Rc6+ Kf5 46. Kf3 b4
47. Rb6 g5 48. hxg5 Kxg5 49. Rxb4 Ra1 50. a4 R1xa4 51. Rxa4 Rxa4 52. Rd5+ f5
53. Rb5 Rc4 54. Ra5 Rb4 55. Re5 Kf6 56. Ra5 Kg5 57. Ra8 h4 58. Rd8 hxg3 59.
Kxg3 Rg4+ 60. Kf3 Ra4 61. Rd6 Rb4 62. Rd4 Rb1 63. Ra4 Rc1 64. Kg3 Rg1+ 65. Kh2
Rb1 66. Kg2 Rb2 67. Kg3 Rb6 68. f4+ Kg6 0-1

[Event "82nd Brazilian-ch 2015"]
[Site "Rio de Janeiro"]
[Date "2016.01.11"]
[Round "3"]
[White "Choma, Ernani Francisco"]
[Black "Teixeira, Ricardo da Silva"]
[Result "1/2-1/2"]
[ECO "A96"]
[WhiteElo "2383"]
[BlackElo "2234"]
[PlyCount "96"]
[EventDate "2016.??.??"]
[EventCountry "BRA"]
[TimeControl "5400+30"]

1. Nf3 e6 2. c4 f5 3. g3 Nf6 4. Bg2 Be7 5. O-O O-O 6. d4 d6 7. Nc3 a5 8. b3 Ne4
9. Bb2 Nxc3 10. Bxc3 Nd7 11. Qe1 a4 12. e4 f4 13. e5 d5 14. Qd2 g5 15. gxf4
Rxf4 16. Ne1 axb3 17. cxd5 Nb6 18. Nd3 Rh4 19. dxe6 Bxe6 20. f4 gxf4 21. axb3
Rxa1 22. Rxa1 Nd5 23. Bf3 Kh8 24. Nc5 Qg8+ 25. Qg2 Bxc5 26. Bxd5 Bxd5 27. Qxg8+
Kxg8 28. dxc5 Kf7 29. Ra4 Ke6 30. Ra8 Rg4+ 31. Kf1 f3 32. Rf8 h5 33. Rf6+ Ke7
34. Rh6 Bxb3 35. Rxh5 Rg2 36. Rh4 Ke6 37. Rf4 Bd5 38. h4 Rc2 39. Rf6+ Ke7 40.
Bd4 Bc4+ 41. Ke1 Re2+ 42. Kd1 Bb3+ 43. Kc1 Bd5 44. Rf4 Rh2 45. Kd1 Kd7 46. Ke1
Kc6 47. Bf2 Kd7 48. Rf6 c6 1/2-1/2

[Event "82nd Brazilian-ch 2015"]
[Site "Rio de Janeiro"]
[Date "2016.01.11"]
[Round "3"]
[White "Leitao, Rafael Duailibe"]
[Black "Santos, Marcus Vinicius M"]
[Result "1/2-1/2"]
[ECO "A41"]
[WhiteElo "2633"]
[BlackElo "2367"]
[PlyCount "86"]
[EventDate "2016.??.??"]
[EventCountry "BRA"]
[TimeControl "5400+30"]

1. d4 g6 2. c4 Bg7 3. Nc3 d6 4. g3 Nd7 5. Bg2 e5 6. Nf3 Ne7 7. O-O O-O 8. e3 Nc6 9. b3 Re8 10. Bb2 e4 11. Ne1 Nf6 12. Nc2 Bg4 13. f3 exf3 14. Bxf3 h5 15.
Bxg4 Nxg4 16. e4 Qd7 17. Qd3 Nf6 18. Rae1 Qh3 19. Nd5 Nxd5 20. cxd5 Ne7 21. Qf3 Rf8 22. Ne3 c6 23. dxc6 bxc6 24. e5 dxe5 25. dxe5 Qe6 26. Nc4 Nf5 27. Ba3 Rfd8 28. Nd6 Nxd6 29. exd6 Qd5 30. Qxd5 cxd5 31. Re7 f5 32. Rd1 Bf8 33. Re5 Bxd6 34. Bxd6 Rxd6 35. Rexd5 Rxd5 36. Rxd5 a5 37. a4 Kf7 38. Rb5 Kf6 39. Kf2 Ra6 40. h4 g5 41. hxg5+ Kxg5 42. Kf3 Rc6 43. Rxa5 Rc3+ 1/2-1/2

[Event "82nd Brazilian-ch 2015"]
[Site "Rio de Janeiro"]
[Date "2016.01.11"]
[Round "3"]
[White "Macedo, Maximo Iack"]
[Black "Reis, Renan do Carmo"]
[Result "1-0"]
[ECO "D10"]
[WhiteElo "2316"]
[BlackElo "2254"]
[PlyCount "75"]
[EventDate "2016.??.??"]
[EventCountry "BRA"]
[TimeControl "5400+30"]

1. d4 d5 2. c4 c6 3. Nc3 dxc4 4. e3 b5 5. a4 b4 6. Ne4 Qd5 7. Ng3 e5 8. Nf3 exd4 9. exd4 Nf6 10. Be2 Bd6 11. Nf1 Ba6 12. Ne3 Qe6 13. Ng5 Qc8 14. Nxc4 Bxc4 15. Bxc4 O-O 16. O-O Qc7 17. h3 Nbd7 18. Qc2 c5 19. Be3 Rac8 20. b3 Bf4 21. Qf5 Bxe3 22. fxe3 h6 23. Nf3 Nb6 24. Ba6 Rce8 25. Qxc5 Qxc5 26. dxc5 Nbd5 27. Rfe1 Nxe3 28. c6 Nfd5 29. Nd4 Nc7 30. Bd3 Rd8 31. Rxe3 Rxd4 32. Bf5 Re8 33. Rxe8+ Nxe8 34. Re1 Nc7 35. Re7 g6 36. Bg4 h5 37. Bf3 Ne6 38. Rxe6 1-0

[Event "82nd Brazilian-ch 2015"]
[Site "Rio de Janeiro"]
[Date "2016.01.11"]
[Round "3"]
[White "Mekhitarian, Krikor Sevag"]
[Black "Limp, Eduardo Thelio"]
[Result "1-0"]
[ECO "B27"]
[WhiteElo "2555"]
[BlackElo "2385"]
[PlyCount "51"]
[EventDate "2016.??.??"]
[EventCountry "BRA"]
[TimeControl "5400+30"]

1. e4 c5 2. Nf3 b6 3. d4 cxd4 4. Nxd4 Bb7 5. Nc3 Nf6 6. Bg5 Nc6 7. Nf5 Rc8 8. Qd2 e6 9. Nd6+ Bxd6 10. Qxd6 Qe7 11. O-O-O Qxd6 12. Rxd6 Ke7 13. Rxc6 Rxc6 14. e5 Rhc8 15. f3 Rc5 16. exf6+ gxf6 17. Be3 Ra5 18. a3 d5 19. Bd3 h5 20. Re1 e5 21. Bf2 Kf8 22. Bh4 Kg7 23.
g4 hxg4 24. Rg1 Rc6 25. Rxg4+ Kf8 26. Be1 1-0

[Event "82nd Brazilian-ch 2015"]
[Site "Rio de Janeiro"]
[Date "2016.01.11"]
[Round "3"]
[White "Santiago, Yago De Moura"]
[Black "Brito, Luismar"]
[Result "0-1"]
[ECO "B42"]
[WhiteElo "2422"]
[BlackElo "2235"]
[PlyCount "58"]
[EventDate "2016.??.??"]
[EventCountry "BRA"]
[TimeControl "5400+30"]

1. e4 c5 2. Nf3 e6 3. d4 cxd4 4. Nxd4 a6 5. Bd3 Ne7 6. Qe2 Nbc6 7. Nb3 Ng6 8.
f4 d6 9. Be3 Be7 10. Nc3 b5 11. g3 Qc7 12. O-O-O Bf6 13. e5 dxe5 14. fxe5 Bxe5
15. Bc5 Bd7 16. Ne4 f5 17. Ng5 Na5 18. Nd4 Qxc5 19. Ndxe6 Qe7 20. Bxf5 Bxb2+
21. Kxb2 Nc4+ 22. Ka1 Bxe6 23. Bxg6+ hxg6 24. Nxe6 Kf7 25. Rhf1+ Kg8 26. Qe4
Re8 27. Rde1 Rxh2 28. Qd5 Kh8 29. Re4 Qf6+ 0-1

[Event "82nd Brazilian-ch 2015"]
[Site "Rio de Janeiro"]
[Date "2016.01.11"]
[Round "3"]
[White "Souza, Rafael Cabral de"]
[Black "Barbosa, Evandro Amorim"]
[Result "0-1"]
[ECO "B89"]
[WhiteElo "2159"]
[BlackElo "2461"]
[PlyCount "50"]
[EventDate "2016.??.??"]
[EventCountry "BRA"]
[TimeControl "5400+30"]

1. e4 c5 2. Nf3 e6 3. Nc3 Nc6 4. d4 cxd4 5. Nxd4 d6 6. Be3 Nf6 7. Bc4 a6 8. Bb3
Be7 9. Qe2 Na5 10. O-O-O Nxb3+ 11. Nxb3 Qc7 12. a4 b6 13. g4 Bb7 14. f3 O-O 15.
Kb1 Nd7 16. Nd4 Nc5 17. Bc1 b5 18. axb5 Rfb8 19. Be3 axb5 20. Ncxb5 Qa5 21. c4
Nxe4 22. fxe4 Bxe4+ 23. Kc1 Bxh1 24. Nb3 Qb4 25. Rxh1 Qxb3 0-1

[Event "82nd Brazilian-ch 2015"]
[Site "Rio de Janeiro"]
[Date "2016.01.12"]
[Round "5"]
[White "Brito, Luismar"]
[Black "Teixeira, Ricardo da Silva"]
[Result "1/2-1/2"]
[ECO "A00"]
[WhiteElo "2235"]
[BlackElo "2234"]
[PlyCount "117"]
[EventDate "2016.??.??"]
[EventCountry "BRA"]
[TimeControl "5400+30"]

1. Nc3 d5 2. e4 d4 3. Nce2 Nc6 4. c3 e5 5. Nf3 Bg4 6. Ng3 Nf6 7. Bb5 Bc5 8.
Bxc6+ bxc6 9. Qa4 Bxf3 10. Qxc6+ Nd7 11. gxf3 O-O 12. Nf5 g6 13. Rg1 Kh8 14.
Ng3 Rb8 15. d3 Rb6 16. Qa4 dxc3 17. bxc3 Rd6 18. Qc2 Qh4 19. Be3 Rd8 20. Rd1
Bb6 21. d4 Nf8 22. Ke2 exd4 23. cxd4 Ne6 24. d5 Nf4+ 25. Bxf4 Qxf4 26. Qc1 Qh4
27. h3 f5 28. Qc3+ Kg8 29. Rg2 fxe4 30. Nxe4 Re8 31. Kf1 Qxh3 32. Ng3 c6 33.
Qb3 Rxd5 34. Rxd5 cxd5 35. Qxd5+ Qe6 36. Qd2 Qc4+ 37. Kg1 Rd8 38. Qg5 Rd1+ 39.
Kh2 Qc1 40. f4 Bc7 41. Ne2 Qd2 42. Qg4 Qd7 43. Qh5 Rd5 44. Rg5 Qf7 45. Qg4 Rxg5
46. Qxg5 Qxa2 47. Qg4 Qf7 48. Qf3 g5 49. Kg2 Bxf4 50. Nd4 Kg7 51. Qe4 Bc7 52.
f3 Qa2+ 53. Kf1 Qa1+ 54. Kg2 Qb2+ 55. Kf1 Qc1+ 56. Kg2 Qd2+ 57. Kf1 Qd1+ 58.
Kg2 Qd2+ 59. Kf1 1/2-1/2

[Event "82nd Brazilian-ch 2015"]
[Site "Rio de Janeiro"]
[Date "2016.01.12"]
[Round "5"]
[White "Choma, Ernani Francisco"]
[Black "Santos, Marcus Vinicius M"]
[Result "1-0"]
[ECO "A04"]
[WhiteElo "2383"]
[BlackElo "2367"]
[PlyCount "93"]
[EventDate "2016.??.??"]
[EventCountry "BRA"]
[TimeControl "5400+30"]

1. Nf3 g6 2. c4 Bg7 3. d4 d6 4. g3 Nd7 5. Bg2 e5 6. Nc3 Ne7 7. O-O O-O 8. e4 exd4 9. Nxd4 Nc6 10. Nde2 a5 11. Rb1 Nc5 12. Be3 a4 13. Nb5 Be6 14. b3 axb3 15. axb3 Nb4 16. Nf4 Bd7 17. Qd2 Nc6 18. Nd5 Rc8 19. b4 Ne6 20. f4 f5 21. exf5 gxf5 22. Rfe1 Kh8 23. Kh1 Be8 24. Bf2 Qd7 25. Nbxc7 Nxc7 26. Nb6 Qd8 27. Nxc8 Qxc8 28. b5 Nd8 29. Qxd6 Bf7 30. c5 Ne8 31. Qb6 Nf6 32. c6 bxc6 33. bxc6 Ne4 34. Rbc1 Bd5 35. c7 Ne6 36. Red1 Bb7 37. Be3 Ba8 38. Kg1 Re8 39. Bf1 Bb7 40. Bb5 Rf8 41. Bd7 Qa8 42. Qxe6 Qa3 43. Qb6 Nc3 44. Qxb7 Nxd1 45. Rxd1 Qxe3+ 46. Kh1 Qe2 47. Rb1 1-0

[Event "82nd Brazilian-ch 2015"]
[Site "Rio de Janeiro"]
[Date "2016.01.12"]
[Round "5"]
[White "Leitao, Rafael Duailibe"]
[Black "Macedo, Maximo Iack"]
[Result "1/2-1/2"]
[ECO "D30"]
[WhiteElo "2633"]
[BlackElo "2316"]
[PlyCount "92"]
[EventDate "2016.??.??"]
[EventCountry "BRA"]
[TimeControl "5400+30"]

1. d4 Nf6 2. c4 e6 3. Nf3 d5 4. Bg5 h6 5. Bxf6 Qxf6 6. e3 g6 7. Nc3 c6 8. Bd3 Nd7 9. O-O Bg7 10. Rc1 O-O 11. Qe2 Qe7 12. Rfd1 f5 13. a3 a6 14. Bb1 Kh8 15.
Ba2 Rb8 16. Nb1 dxc4 17. Qxc4 e5 18. Qe6 Qxe6 19. Bxe6 exd4 20. exd4 Nb6 21. Ba2 f4 22.
Nbd2 g5 23. h3 Bf5 24. Ne5 Kh7 25. Ndf3 Bf6 26. Re1 Rbd8 27. Re2 Nd5 28. Rce1 Kg7 29. Nc4 Bd3 30. Re6 Bf5 31. Rd6 Rde8 32. Rxe8 Rxe8 33. Rxd5 cxd5 34. Nd6 Bd7 35. Nxe8+ Bxe8 36. Bxd5 b6 37. Kf1 Kf8 38. Ke1 Ke7 39. Bb7 a5 40. Kd2 Bh5 41. Ne5 Bxe5 42.
dxe5 Ke6 43. Kc3 Kxe5 44. b4 Be2 45. Bc6 axb4+ 46. axb4 Bf1 1/2-1/2

[Event "82nd Brazilian-ch 2015"]
[Site "Rio de Janeiro"]
[Date "2016.01.12"]
[Round "5"]
[White "Mekhitarian, Krikor Sevag"]
[Black "Reis, Renan do Carmo"]
[Result "1-0"]
[ECO "C84"]
[WhiteElo "2555"]
[BlackElo "2254"]
[PlyCount "125"]
[EventDate "2016.??.??"]
[EventCountry "BRA"]
[TimeControl "5400+30"]

1. e4 e5 2. Nf3 Nc6 3. Bb5 a6 4. Ba4 Nf6 5. O-O Be7 6. d3 b5 7. Bb3 d6 8. a3 Bg4 9. c3 Na5 10. Bc2 c5 11. Nbd2 O-O 12. Re1 Qc7 13.
Nf1 b4 14. Ne3 Bd7 15. axb4 cxb4 16. Ba4 Nc6 17. d4 bxc3 18. bxc3 exd4 19. cxd4 Nb4 20. Ba3 a5 21. Bb3 Ng4 22. Nd5 Nxd5 23. Bxd5 Rab8 24. e5 Rfe8 25. h3 Nh6 26. exd6 Bxd6 27. Bxd6 Qxd6 28. Rxa5 Qf6 29. Ra7 Qd6 30. Bc4 Rec8 31. Ne5 Be8 32. Ba2 Rc7 33. Rxc7 Qxc7 34. Qd2 Qa7 35. Bb1 f6 36. Nf3 Nf7 37. Qc2 g6 38. Ba2 Kg7 39. Qc4 Ra8 40.
Bb3 Qb7 41. Qe6 Rb8 42. Bd5 Qb5 43. Bc4 Qb4 44. Ra1 Qc3 45.
Re1 Qb4 46. Ba2 Qa5 47. Rc1 Ra8 48. Bd5 Rd8 49. Rc5 Qa1+ 50.
Kh2 Qa7 51. g3 Qb8 52. Rc6 Rxd5 53. Qxd5 Bxc6 54. Qxc6 Nd6 55. Kg2 Nf7 56. h4 Qb4 57. Qe6 h5 58. Qe4 Nd6 59. Qe7+ Kh6 60. Qf8+ Kh7 61. Qe7+ Kh6 62. Qxf6 Qb8 63. Ne5 1-0

[Event "82nd Brazilian-ch 2015"]
[Site "Rio de Janeiro"]
[Date "2016.01.12"]
[Round "5"]
[White "Santiago, Yago De Moura"]
[Black "Barbosa, Evandro Amorim"]
[Result "0-1"]
[ECO "A33"]
[WhiteElo "2422"]
[BlackElo "2461"]
[PlyCount "86"]
[EventDate "2016.??.??"]
[EventCountry "BRA"]
[TimeControl "5400+30"]

1. c4 c5 2. Nf3 Nc6 3. d4 cxd4 4. Nxd4 Nf6 5. Nc3 e6 6. g3 Qb6 7. Ndb5 d5 8.
Bf4 e5 9. cxd5 exf4 10. dxc6 Qxc6 11. Qa4 Bd7 12. Qxf4 Rc8 13. Nxa7 Qxh1 14.
Nxc8 Bxc8 15. Qb8 Qc6 16. Bg2 Qc4 17. Bxb7 Ba3 18. Qe5+ Be7 19. Bxc8 Qxc8 20.
Nb5 O-O 21. Qxe7 Qc6 22. Rd1 Qxb5 23. b4 Qb8 24. f3 Re8 25. Qd6 Qa8 26. Kf2
Qxa2 27. Rd2 Qb1 28. Kg2 h5 29. Qd4 Qe1 30. e4 Ra8 31. Qf2 Qc1 32. Rc2 Qd1 33.
Qd2 Qa1 34. b5 Qe5 35. b6 Rb8 36. Qb4 Rb7 37. Rc8+ Kh7 38. Rc6 h4 39. Rc5 Qe6
40. e5 h3+ 41. Kf2 Rxb6 42. Qd2 Nd7 43. Qc2+ g6 0-1

[Event "82nd Brazilian-ch 2015"]
[Site "Rio de Janeiro"]
[Date "2016.01.12"]
[Round "5"]
[White "Souza, Rafael Cabral de"]
[Black "Limp, Eduardo Thelio"]
[Result "1-0"]
[ECO "B40"]
[WhiteElo "2159"]
[BlackElo "2385"]
[PlyCount "71"]
[EventDate "2016.??.??"]
[EventCountry "BRA"]
[TimeControl "5400+30"]

1. e4 c5 2. Nf3 e6 3. Nc3 a6 4. g3 b5 5. d4 cxd4 6. Nxd4 Bb7 7. Bg2 d6 8. O-O
Nd7 9. Re1 Qc7 10. Bg5 Ngf6 11. a4 b4 12. Nd5 Nxd5 13. exd5 e5 14. Nc6 Bxc6 15.
dxc6 Nc5 16. Qd5 Be7 17. Be3 O-O 18. f4 Rad8 19. a5 Kh8 20. c3 Rb8 21. fxe5
bxc3 22. exd6 Qxd6 23. bxc3 Ne6 24. Qc4 Rb5 25. Bb6 Rc8 26. Rad1 Qa3 27. c7
Nxc7 28. Kh1 Rc5 29. Qxf7 Bf8 30. Bxc5 Qxc5 31. c4 Qxa5 32. Qd7 Rb8 33. Rf1 Qc5
34. Rf7 Na8 35. Rdf1 a5 36. Qb5 1-0

[Event "82nd Brazilian-ch 2015"]
[Site "Rio de Janeiro"]
[Date "2016.01.13"]
[Round "6"]
[White "Barbosa, Evandro Amorim"]
[Black "Brito, Luismar"]
[Result "1-0"]
[ECO "B90"]
[WhiteElo "2461"]
[BlackElo "2235"]
[PlyCount "49"]
[EventDate "2016.??.??"]
[EventCountry "BRA"]
[TimeControl "5400+30"]

1. e4 c5 2. Nf3 d6 3. d4 cxd4 4. Nxd4 Nf6 5. Nc3 a6 6. a4 e5 7. Nf3 Be6 8. Ng5
Nc6 9. Nxe6 fxe6 10. Bc4 Nd4 11. O-O Rc8 12. Ba2 Qb6 13. Rb1 Be7 14. Be3 Rc7
15. Bxe6 Qb4 16. Ba2 Rf8 17. Bg5 Qc5 18. Bxf6 Bxf6 19. Nd5 Rd7 20. c3 Ne6 21.
b4 Qa7 22. a5 Nf4 23. Nb6 Rd8 24. g3 Ng6 25. Qa4+ 1-0

[Event "82nd Brazilian-ch 2015"]
[Site "Rio de Janeiro"]
[Date "2016.01.13"]
[Round "6"]
[White "Limp, Eduardo Thelio"]
[Black "Choma, Ernani Francisco"]
[Result "1-0"]
[ECO "A48"]
[WhiteElo "2385"]
[BlackElo "2383"]
[PlyCount "107"]
[EventDate "2016.??.??"]
[EventCountry "BRA"]
[TimeControl "5400+30"]

1. Nf3 Nf6 2. d4 g6 3. c3 Bg7 4. Qc2 O-O 5. e4 d6 6. Be2 c5 7. dxc5 dxc5 8. Nbd2 Qc7 9. O-O Nc6 10. a4 Ng4 11. g3 Rd8 12. Nc4 h6 13.
Re1 e5 14. Bf1 b6 15. h3 Nf6 16. Ne3 Bb7 17. Nd2 Rac8 18. Bg2 a6 19. Nd5 Nxd5 20. exd5 Ne7 21. c4 Nf5 22. Nf3 Nd4 23. Qd1 b5 24. axb5 axb5 25. Bd2 Qd6 26. b3 f5 27. Ra7 Qb6 28. Ra2 Qd6 29. Bc3 Ra8 30.
Rxa8 Rxa8 31. Nh4 e4 32. Bxe4 fxe4 33. Rxe4 Rf8 34. Qg4 Nf3+ 35. Nxf3 Bc8 36. Re6 Bxe6 37. Qxg6 Qe7 38. Bxg7 Qxg7 39. Qxe6+ Kh8 40. Kg2 bxc4 41. bxc4 Rf6 42. Qe8+ Kh7 43. Qe4+ Kh8 44. Ne5 Qa7 45. Ng4 Rb6 46. Qe5+ Kg8 47. Nf6+ Kf7 48. Ne4 Rb1 49. Qf5+ Kg7 50. Nxc5 Qa1 51. Ne6+ Kh8 52. h4 h5 53. Qf8+ Kh7 54. Ng5+ 1-0

[Event "82nd Brazilian-ch 2015"]
[Site "Rio de Janeiro"]
[Date "2016.01.13"]
[Round "6"]
[White "Macedo, Maximo Iack"]
[Black "Souza, Rafael Cabral de"]
[Result "1-0"]
[ECO "E44"]
[WhiteElo "2316"]
[BlackElo "2159"]
[PlyCount "91"]
[EventDate "2016.??.??"]
[EventCountry "BRA"]
[TimeControl "5400+30"]

1. d4 Nf6 2. c4 e6 3. Nc3 Bb4 4. e3 b6 5. Nge2 Bb7 6. a3 Bxc3+ 7. Nxc3 O-O 8.
Bd3 d6 9. O-O Nbd7 10. e4 e5 11. d5 Nc5 12. Bc2 a5 13. Re1 Bc8 14. Rb1 Re8 15.
b4 Ncd7 16. Ba4 axb4 17. axb4 Rb8 18. Ra1 h6 19. Bc6 Re7 20. Ra7 Nf8 21. Nb5
Ng6 22. Qf3 Bg4 23. Qc3 Nh5 24. Be3 Nhf4 25. Bxf4 Nxf4 26. f3 Bc8 27. g3 Nh3+
28. Kg2 Ng5 29. h4 Nh7 30. Rea1 Bd7 31. Qa3 Bxc6 32. dxc6 Nf8 33. Ra8 Ne6 34.
Rxb8 Qxb8 35. Qa8 Qxa8 36. Rxa8+ Kh7 37. Nc3 f6 38. Nd5 Rf7 39. Re8 Nd4 40. b5
g6 41. Rb8 Kg7 42. Nxb6 f5 43. Nd5 fxe4 44. fxe4 Ne6 45. Re8 Nc5 46. b6 1-0